 Dungeon Crawl Stone Soup version 0.22.0-60-ga52c2fc (webtiles) character file.

114 Anon1729 the Chopper (level 4, -1/40 HPs)
             Began as a Naga Gladiator on Sept 10, 2018.
             Slain by a river rat (4 damage)
             ... in a sewer.
             The game lasted 00:03:21 (2283 turns).

Anon1729 the Chopper (Naga Gladiator)               Turns: 2283, Time: 00:03:22

Health: -1/40      AC:  5    Str: 17    XL:     4   Next: 97%
Magic:  4/4        EV: 10    Int:  9    God:
Gold:   84         SH:  0    Dex: 12    Spells: 3/3 levels left

rFire    . . .     SeeInvis +   a - +0 war axe
rCold    . . .     Gourm    +   (no shield)
rNeg     + . .     Faith    .   b - +0 leather armour
rPois    +         Spirit   .   c - +0 helmet
rElec    .         Reflect  .   l - +0 cloak
rCorr    .         Harm     .   (no gloves)
MR       .....                  (no barding)
Stlth    +.........             k - amulet of the gourmand
HPRegen  0.13/turn              m - ring of positive energy
MPRegen  0.09/turn              (no ring)

@: very slow
A: large, see invisible, deformed body, poison resistance, slowness 2, slow
metabolism 1, spit poison 1, AC +1
a: Spit Poison


You were in a sewer.
You were completely stuffed.

You visited 1 branch of the dungeon, and saw 3 of its levels.
You also visited: Sewer.

You collected 84 gold pieces.

Inventory:

Hand Weapons
 a - a +0 war axe (weapon)
Missiles
 d - 3 throwing nets (quivered)
Armour
 b - a +0 leather armour (worn)
 c - a +0 helmet (worn)
 l - a +0 cloak (worn)
Jewellery
 k - an amulet of the gourmand (around neck)
 m - a ring of positive energy (left hand)
 t - a +3 ring of evasion {unknown}
Scrolls
 e - a scroll of magic mapping {unknown}
 h - 7 scrolls of identify {unknown}
 i - a scroll of immolation {unknown}
 o - a scroll of enchant armour {unknown}
 p - a scroll of noise {unknown}
 r - 2 scrolls of teleportation {unknown}
 s - a scroll of enchant weapon {unknown}
Potions
 g - a potion of agility {unknown}
 j - a potion of curing {unknown}
 n - 2 potions of heal wounds {unknown}
 q - 2 potions of flight {unknown}
 u - 2 potions of might {unknown}
Comestibles
 f - 7 rations


   Skills:
 + Level 2.7 Fighting
 * Level 4.1 Axes
 - Level 2.0 Throwing
 + Level 1.2 Armour
 - Level 3.0 Dodging


You had 3 spell levels left.
You didn't know any spells.
Your spell library was empty.

Dungeon Overview and Level Annotations

Branches:
Dungeon (3/15)

Altars:
Ru
Xom


Innate Abilities, Weirdness & Mutations

You cannot wear boots.
Your serpentine skin is tough. (AC +1)
You have supernaturally acute eyesight. (SInv)
Armour fits poorly on your strangely shaped body.
Your system is resistant to poisons. (rPois)
You cover ground very slowly.
You have a slow metabolism.
You can spit poison.


Message History

The river rat bites you.
* * * LOW HITPOINT WARNING * * *
You can't do that yet.
Unknown command.
You hit the river rat but do no damage.
The river rat is heavily wounded.
The river rat barely misses you. x2
You closely miss the river rat.
The river rat is severely wounded.
The river rat bites you.
* * * LOW HITPOINT WARNING * * *
You barely miss the river rat.
The river rat is severely wounded.
You have got your breath back.
The river rat bites you.
* * * LOW HITPOINT WARNING * * *
You barely miss the river rat.
The river rat is severely wounded.
The river rat looks more healthy.
The river rat bites you.
You die...

#####################.##
≈≈≈..≈≈≈.≈≈≈≈≈.≈.≈..≈..≈
≈≈..≈≈≈≈≈≈.≈...≈@r.≈≈≈.≈
########################
# # # #


You could see a river rat.

Vanquished Creatures
  2 adders
  3 river rats (D:3)
  An ooze (D:1)
  4 worms
  A dart slug (D:1)
  2 leopard geckos
  4 giant cockroaches
  5 goblins (D:1)
  4 hobgoblins
  2 jackals (D:1)
  2 ball pythons (Sewer)
  3 bats
  7 frilled lizards
  4 kobolds
  14 rats
58 creatures vanquished.

Notes
Turn   | Place    | Note
-------+----------+-------------------------------------------
     0 | D:1      | Anon1729 the Naga Gladiator began the quest for the Orb.
     0 | D:1      | Reached XP level 1. HP: 19/19 MP: 1/1
    34 | D:1      | Reached XP level 2. HP: 20/26 MP: 2/2
   342 | D:1      | Reached XP level 3. HP: 31/32 MP: 3/3
   913 | D:2      | Found a shimmering altar of Xom.
  1001 | D:2      | Found a sacrificial altar of Ru.
  1898 | D:3      | Reached XP level 4. HP: 28/40 MP: 4/4
  1927 | D:3      | Reached skill level 1 in Armour
  2071 | D:3      | Reached skill level 4 in Axes
  2133 | D:3      | Found a glowing drain.
  2146 | Sewer    | Entered a sewer
  2283 | Sewer    | Slain by a river rat

Skill      XL: |  1  2  3  4 |
---------------+-------------+-----
Throwing       | 2 |  2.0
Armour         | 1 |  1.2
Axes           | 4 |  4.1
Dodging        | 3 |  3.0
Fighting       | |  2.7

Action                   |  1- 3 |  4- 6 || total
-------------------------+-------+-------++-------
Melee: War axe           |   122 |    60 ||   182
 Abil: Spit Poison       |       |     4 ||     4
  Eat: Chunk             |    10 |     2 ||    12
Armor: Leather armour    |    42 |    19 ||    61
Dodge: Dodged            |    76 |    24 ||   100
